 Dungeon Crawl Stone Soup version 0.23.0 (webtiles) character file.

Game seed: 16813850317946872863

291 Blackhawk the Skirmisher (level 6, -1/84 HPs)
             Began as a Hill Orc Fighter on Feb 11, 2019.
             Succumbed to a big kobold's poison
             ... on level 3 of the Dungeon.
             The game lasted 00:02:23 (1821 turns).

Blackhawk the Skirmisher (Hill Orc Fighter)         Turns: 1821, Time: 00:02:23

Health: -1/84      AC: 23    Str: 20 (21) XL:     6   Next: 32%
Magic:  6/6        EV:  2    Int:  7 (8)  God:
Gold:   125        SH:  9    Dex:  8 (10) Spells: 5/5 levels left

rFire    . . .     SeeInvis .   a - +0 war axe
rCold    . . .     Gourm    .   c - +0 shield
rNeg     + + +     Faith    .   (armour currently unavailable)
rPois    +         Spirit   .   (helmet currently unavailable)
rElec    .         Reflect  .   (cloak currently unavailable)
rCorr    .         Harm     .   (gloves currently unavailable)
MR       .....     NoTele   +   (boots currently unavailable)
Stlth    +.........             (no amulet)
HPRegen  0.24/turn              (no ring)
MPRegen  0.10/turn              (no ring)

@: lethally poisoned (-1 -> -41), tree-form, hasted, very quick
A: no striking features
a: no special abilities


You were on level 3 of the Dungeon.
You were not hungry.
You were a tree.
You visited 1 branch of the dungeon, and saw 3 of its levels.

You collected 125 gold pieces.

Inventory:

Hand Weapons
 a - a +0 war axe (weapon)
 b - a +1 dagger of venom
Armour
 c - a +0 shield (worn)
 n - a +0 chain mail of positive energy (melded)
 r - a +0 scale mail
Scrolls
 e - 2 scrolls of fog {unknown}
 l - a scroll of random uselessness {unknown}
 m - a scroll of remove curse {unknown}
 o - a scroll of magic mapping {unknown}
 s - a scroll of noise {unknown}
Potions
 g - a potion of haste
 h - a potion of degeneration
 j - a potion of flight {unknown}
 k - a potion of curing {unknown}
 p - a potion of cancellation {unknown}
 q - a potion of agility {unknown}
Comestibles
 d - 5 chunks of flesh
 f - 6 rations


   Skills:
 + Level 5.1 Fighting
 + Level 4.8 Axes
 + Level 4.7 Armour
 + Level 4.7 Shields


You had 5 spell levels left.
You didn't know any spells.
Your spell library was empty.

Dungeon Overview and Level Annotations

Branches:
Dungeon (3/15)

Altars:


Message History

* * * LOW HITPOINT WARNING * * *
You feel very sick.
The big kobold hits you but does no damage.
You are more poisoned.
You block the big kobold's attack.
It was a potion of haste.
You feel yourself speed up.
* * * LOW HITPOINT WARNING * * *
You feel very sick.
The big kobold hits you but does no damage.
It was a potion of degeneration.
There was something very wrong with that liquid.
You feel weakened.
You feel dopey.
You feel clumsy.
* * * LOW HITPOINT WARNING * * *
You feel very sick.
A kobold comes into view. It is wielding a +0 dagger.
It was a potion of lignification.
You turn into a tree.
Your +0 chain mail of positive energy melds into your body.
You feel less protected from negative energy.
Your roots penetrate the ground.
You die...

.. . .. .##. #.# ... #.#
###### #.# #.#
##.....###.# #.#
..K...)K...# #.#
#####♣.))# #[#
###≈≈≈####.#########.#
####≈≈≈≈≈≈≈≈..........#<#
..≈≈≈≈≈≈≈≈≈.............#
#.....≈≈≈......)....#.###
..........#....)....#.#
########..#.#.......<.#.#
......##.###............#
<.......## ##.........###


You could see a big kobold and a kobold (wandering).

Vanquished Creatures
  Sigmund (D:2)
  A big kobold (D:3)
  An adder (D:2)
  2 oozes
  A worm (D:2)
  A leopard gecko (D:1)
  6 bats
  A giant cockroach (D:3)
  5 goblins
  3 hobgoblins
  9 jackals
  13 kobolds
  A quokka (D:2)
  A ball python (D:2)
  6 frilled lizards
  2 rats
54 creatures vanquished.

Notes
Turn   | Place    | Note
-------+----------+-------------------------------------------
     0 | D:1      | Blackhawk the Hill Orc Fighter began the quest for the Orb.
     0 | D:1      | Reached XP level 1. HP: 19/19 MP: 1/1
   275 | D:1      | Reached XP level 2. HP: 27/27 MP: 2/2
   760 | D:2      | Reached skill level 4 in Fighting
   760 | D:2      | Reached XP level 3. HP: 24/33 MP: 3/3
   910 | D:2      | Noticed Sigmund
   930 | D:2      | Killed Sigmund
   930 | D:2      | Reached XP level 4. HP: 14/41 MP: 4/4
   930 | D:2      | Reached XP level 5. HP: 16/47 MP: 5/5
  1798 | D:3      | Reached XP level 6. HP: 54/55 MP: 6/6
  1816 | D:3      | Reached skill level 5 in Fighting
  1820 | D:3      | HP: 1/56 [poisoned by a big kobold]
  1821 | D:3      | Succumbed to a big kobold's poison

Skill      XL: |  1  2  3  4  5  6 |
---------------+-------------------+-----
Axes           | 3 4 |  4.8
Fighting       | 4 5 |  5.1
Armour         | 4 |  4.7
Shields        | 4 |  4.7

Action                   |  1- 3 |  4- 6 || total
-------------------------+-------+-------++-------
Melee: War axe           |    77 |    84 ||   161
  Use: Potion            |     1 |     3 ||     4
  Eat: Chunk             |       |     3 ||     3
Armor: Scale mail        |     6 |       ||     6
       Chain mail        |    57 |    52 ||   109
Dodge: Dodged            |    29 |    25 ||    54
Block: Shield            |    57 |    53 ||   110
